 Dungeon Crawl Stone Soup version 0.20-a0-548-g4f8a798 (webtiles) character file.

303 Ijustatesigmund the Sneak (level 6, 0/55 HPs)
             Began as a Kobold Assassin on Feb 1, 2017.
             Succumbed to a scorpion's poison
             ... on level 3 of the Dungeon.
             The game lasted 00:10:39 (3983 turns).

Ijustatesigmund the Sneak (Kobold Assassin)         Turns: 3983, Time: 00:10:39

Health: 0/55       AC:  7    Str: 13    XL:     6   Next: 65%
Magic:  6/6        EV: 16    Int: 15    God:
Gold:   154        SH:  0    Dex: 16    Spells: 5/5 levels left

rFire    . . .     SeeInvis .   a - +3 dagger
rCold    . . .     Gourm    .   l - +0 leather armour
rNeg     . . .     Faith    .   (shield restricted)
rPois    .         Spirit   .   h - +2 hat
rElec    .         Reflect  .   d - +0 cloak
rCorr    .         Harm     .   i - +0 pair of gloves
MR       .....                  (no boots)
Stlth    ..........             v - amulet of magic regeneration
Regen    0.2/turn               (no ring)
                                (no ring)

@: berserking, lethally poisoned (0 -> -4), flying, very quick
A: carnivore 3
a: no special abilities


You were on level 3 of the Dungeon.
You were full.

You visited 1 branch of the dungeon, and saw 4 of its levels.

You collected 154 gold pieces.

Inventory:

Hand Weapons
 a - a +3 dagger (weapon)
 b - a +0 blowgun
Missiles
 e - 8 poisoned needles
 f - 2 curare-tipped needles
Armour
 d - a +0 cloak (worn)
 h - a +2 hat (worn)
 i - a +0 pair of gloves (worn)
 l - a +0 leather armour (worn)
Jewellery
 u - an uncursed amulet of faith
 v - an amulet of magic regeneration (around neck)
Wands
 p - a wand of digging (15/24)
Scrolls
 o - 2 scrolls of remove curse
 s - 2 scrolls of identify
Potions
 j - a potion of invisibility
 m - 2 potions of might
 n - a potion of lignification
 q - 2 potions of brilliance
Comestibles
 g - a meat ration
 w - a royal jelly


   Skills:
 - Level 3.4 Fighting
 + Level 4.6 Short Blades
 - Level 3.5 Throwing
 + Level 3.8 Dodging
 - Level 6.6 Stealth


You had 5 spell levels left.
You didn't know any spells.

Dungeon Overview and Level Annotations

Branches:
Dungeon (4/15)
 Temple: D:4-7

Altars:


Innate Abilities, Weirdness & Mutations

You are small and have problems with some larger weapons.
You are carnivorous and can eat meat at any time.


Message History

You closely miss the scorpion.
The scorpion is almost dead.
The scorpion stings you.
* * * LOW HITPOINT WARNING * * *
You are lethally poisoned!
The scorpion poisons you!
You hit the scorpion.
You kill the scorpion!
* * * LOW HITPOINT WARNING * * *
You feel sick.
There is a lethal amount of poison in your body!
It was a potion of cure mutation.
It has a very clean taste.
* * * LOW HITPOINT WARNING * * *
You feel sick.
It was a potion of flight.
You feel very buoyant.
You fly up into the air.
A red film seems to cover your vision as you go berserk!
You feel yourself moving faster!
You feel mighty!
You die...

#..#....##. #..#.#..#.#
#.......##( #......###.
####.### ## #.# #. #.# ##
######### #.# ####
############.†@....#
#.###...
#.....##.......###.#
#....#.#
#.###.##.###.#.###.#
#####.## #.#
#...........##.##### ###
#.###.##.###.#.)...[...#
#>....##.......)...###.##
###.#############....%..#
# #.# #.####..# # #.#####
####.####..# #


There were no monsters in sight!

Vanquished Creatures
  A scorpion (D:3)
  2 orc wizards (D:3)
  A worker ant (D:4)
  7 adders
  3 oozes
  A worm (D:2)
  2 dart slugs
  A leopard gecko (D:3)
  9 orcs (D:3)
  7 bats
  4 giant cockroaches
  7 goblins
  4 hobgoblins
  14 jackals
  8 frilled lizards
  8 kobolds
  5 rats
84 creatures vanquished.

Notes
Turn   | Place    | Note
-------+----------+-------------------------------------------
     0 | D:1      | Ijustatesigmund the Kobold Assassin began the quest for the Orb.
     0 | D:1      | Reached XP level 1. HP: 12/12 MP: 1/1
   163 | D:1      | Reached XP level 2. HP: 18/18 MP: 2/2
   248 | D:1      | Reached XP level 3. HP: 21/22 MP: 3/3
   734 | D:2      | Reached XP level 4. HP: 27/27 MP: 4/4
  1628 | D:2      | Reached skill level 6 in Stealth
  2202 | D:3      | Reached XP level 5. HP: 32/32 MP: 5/5
  2667 | D:3      | Noticed a phantom
  2921 | D:3      | Reached XP level 6. HP: 22/37 MP: 6/6
  3291 | D:4      | Noticed a phantom
  3981 | D:3      | HP: 1/37 [poisoned by a scorpion]
  3983 | D:3      | Succumbed to a scorpion's poison

Vault maps used:
D:1:      tarquinn_simple_flora_water_b, hangedman_decor_points
D:3:      first_bread
D:4:      kennysheep_big_empty_room

Skill      XL: |  1  2  3  4  5  6 |
---------------+-------------------+-----
Dodging        | 2 3 |  3.8
Short Blades   | 3 4 |  4.6
Stealth        | 6 |  6.6
Throwing       | 3 |  3.5
Fighting       | 3 |  3.4

Action                   |  1- 3 |  4- 6 || total
-------------------------+-------+-------++-------
Melee: Dagger            |   106 |   319 ||   425
  Use: Scroll            |     2 |     8 ||    10
       Potion            |       |     5 ||     5
 Stab: Sleeping          |     3 |    11 ||    14
  Eat: Chunk             |     8 |     8 ||    16
Armor: Robe              |    31 |    13 ||    44
       Leather armour    |       |    53 ||    53
       Skin              |       |     1 ||     1
Dodge: Dodged            |    82 |   225 ||   307
